Selects Australian Defense Battlegroup
Selects Australian Light Infantry Section
Australian Light Infantry Section
Australian Light Infantry Section
Australian Light Infantry Section
Construct Section Command Post
Construct Platoon Command Post
Selects CMP 15cwt Supply Run
Construct Company Command Post
Selects Reinforced Resource Caches
Selects Defensive Tactics
Construct Field Infirmary
Selects Vehicle Over Repair
Unlock M3 Grant Medium Tanks
Selects Charged Creeping Barrage